 Dungeon Crawl Stone Soup version 0.29-a0-876-gfc89b1a5bd (webtiles) character file.

Game seed: 2320087690548348172

11893 spaghetti the Thaumaturge (level 11, -13/88 (89) HPs)
             Began as a Gnoll Fire Elementalist on July 19, 2022.
             Was an Elder of Ashenzari.
             Mangled by a very large slime creature (53 damage)
             ... on level 12 of the Dungeon.
             The game lasted 00:21:09 (13251 turns).

spaghetti the Thaumaturge (GnFE)                   Turns: 13251, Time: 00:21:10

HP:   -13/88 (89)   AC: 12    Str: 11    XL:     11   Next: 84%
MP:   1/25          EV: 23    Int: 14    God:    Ashenzari [****..]
Gold: 523           SH:  5    Dex: 24    Spells: 21/31 levels left

rFire   + . .      SeeInvis +   z - +1 demon blade (elec) {long}
rCold   + + .      Faith    .   (no shield)
rNeg    . . .      Spirit   .   a - +0 robe of Supernal Gnosis {Fort, Melee} (curse)
rPois   .          Reflect  +   E - +0 hat of Ashenzari's Scepticism {Range, Cun} (curse)
rElec   .          Harm     .   n - scarf of the Tethered Activism {rC+ rF+, Comp, Elem} (curse)
rCorr   .          Rampage  .   D - +0 pair of gloves of Ashenzari's Insecurity {Comp, Self} (curse)
Will    .....      Clarity  +   j - +3 pair of mountain boots {steadfast, rC+}
Stlth   ++++++....              C - amulet of Ashenzari's Stickiness {Reflect SH+5, Fort, Cun} (curse)
HPRegen 0.24/turn               J - ring "Overhang to Understand" {AC+4, Cun, Fort} (curse)
MPRegen 0.19/turn               Z - +6 ring of dexterity

@: lightly drained
A: fangs 1, strong nose, distributed training, agile 1, strong 1, MP-powered
wands
a: Renounce Religion, Shatter the Chains


You were on level 12 of the Dungeon.
You worshipped Ashenzari.
Ashenzari was greatly pleased with you.
You visited 1 branch of the dungeon, and saw 12 of its levels.

You collected 578 gold pieces.
You spent 55 gold pieces at shops.


Innate Abilities, Weirdness & Mutations

You have very sharp teeth.
Your uncanny sense of smell can sniff out nearby items.
Your experience applies equally to all skills.
You are agile. (Dex +4, Str/Int -1)
Your muscles are strong. (Str +4, Int/Dex -1)
You expend magic power (3 MP) to strengthen your wands.


   Skills:
 + Level 6.9(9.0) Fighting
 + Level 6.9(9.0) Short Blades
 + Level 6.9(9.0) Long Blades
 + Level 6.9(9.0) Axes
 + Level 6.9(9.0) Maces & Flails
 + Level 6.9(9.0) Polearms
 + Level 6.9(9.0) Staves
 + Level 6.9(9.0) Ranged Weapons
 + Level 6.9(9.0) Throwing
 + Level 6.9(10.8) Armour
 + Level 8.4(12.3) Dodging
 + Level 8.2(12.1) Stealth
 + Level 6.9(10.8) Shields
 + Level 6.9(9.0) Unarmed Combat
 + Level 8.6(10.6) Spellcasting
 + Level 6.2 Conjurations
 + Level 5.7 Hexes
 + Level 5.7(8.7) Summonings
 + Level 5.7(8.7) Necromancy
 + Level 5.7 Translocations
 + Level 5.7 Transmutations
 + Level 8.0(10.0) Fire Magic
 + Level 5.7(7.7) Ice Magic
 + Level 5.7(7.7) Air Magic
 + Level 5.7(7.7) Earth Magic
 + Level 5.7 Poison Magic
 + Level 7.6 Invocations
 + Level 6.9 Evocations


You had 21 spell levels left.
You knew the following spells:

 Your Spells              Type           Power      Damage    Failure   Level
a - Foxfire               Conj/Fire      100%       2x1d9     1%          1
b - Scorch                Fire           70%        2d9       1%          2
c - Inner Flame           Hex/Fire       29%        N/A       1%          3
d - Flame Wave            Conj/Fire      30%        2d8       3%          4

Your spell library contained the following spells:

 Spells                   Type           Power      Damage    Failure   Level
 Magic Dart               Conj           96%        1d7       1%          1
 Searing Ray              Conj           48%        2d6       1%          2
 Sublimation of Blood     Necr           31%        N/A       1%          2
 Wereblood                Tmut           23%        N/A       1%          2
 Conjure Flame            Conj/Fire      30%        6-21      1%          3
 Dazzling Flash           Conj/Hex       48%        N/A       2%          3
 Agony                    Necr           31%        N/A       8%          5
 Fulminant Prism          Conj/Hex       12%        3d9       9%          4
 Silence                  Hex/Air        13%        N/A       17%         5
 Summon Hydra             Summ           15%        N/A       93%         7
 Malign Gateway           Summ/Tloc      13%        N/A       99%         7
 Summon Horrible Things   Summ           15%        N/A       100%        8

Inventory:

Hand Weapons
 i - a +1 rapier of holy wrath {short}
   (You took it off Duvessa on level 4 of the Dungeon)
 p - a +0 vorpal double sword {longrare=g}
   (You bought it in a shop on level 5 of the Dungeon)
 z - a +1 demon blade of electrocution (weapon) {long}
   (You found it on level 6 of the Dungeon)
Missiles
 c - 14 boomerangs {throwing}
 f - 115 stones {throwing}
 o - 2 throwing nets {=f!fthrowing}
 B - 25 poisoned darts {throwing}
 F - 2 curare-tipped darts {=fthrowing}
Armour
 a - the cursed +0 robe of Supernal Gnosis (worn) {Fort, Melee}

   It has a curse which improves the following skills: Fortitude: Armour and
   Shields.
   Melee Combat: Short Blades, Long Blades, Axes, Maces & Flails, Polearms,
   Staves and Unarmed Combat.
 g - the +0 ring mail of Greater Demons {-Cast +Blink +Inv Regen+}
   (You found it on level 4 of the Dungeon)

   +Inv:      It lets you turn invisible.
   +Blink:    It lets you blink.
   -Cast:     It prevents spellcasting.
   Regen:     It increases your rate of health regeneration.
 j - the +3 pair of mountain boots (worn) {steadfast, rC+}
   (You acquired it on level 4 of the Dungeon)

   It prevents involuntary movement, except for blinking, teleportation, or
   banishment.
   rC:        It protects you from cold.
 n - the cursed scarf of the Tethered Activism (worn) {rC+ rF+, Comp, Elem}
   (You found it on level 5 of the Dungeon)

   It has a curse which improves the following skills: Companions: Summonings
   and Necromancy.
   Elements:  Fire Magic, Ice Magic, Air Magic and Earth Magic.
 D - the cursed +0 pair of gloves of Ashenzari's Insecurity (worn) {Comp, Self}
   (You found it on level 2 of the Dungeon)

   It has a curse which improves the following skills: Companions: Summonings
   and Necromancy.
   Introspection: Fighting and Spellcasting.
 E - the cursed +0 hat of Ashenzari's Scepticism (worn) {Range, Cun}
   (You found it on level 6 of the Dungeon)

   It has a curse which improves the following skills: Ranged Combat: Ranged
   Weapons and Throwing.
   Cunning:   Dodging and Stealth.
 V - a +0 pair of gloves
   (You found it on level 10 of the Dungeon)
Magical Staves
 Q - a staff of fire {!astaff}
   (You found it on level 8 of the Dungeon)
 S - a staff of poison {!astaff}
   (You found it on level 8 of the Dungeon)
Jewellery
 t - a ring of positive energy
   (You found it on level 2 of the Dungeon)
 v - a +4 ring of evasion
   (You found it on level 11 of the Dungeon)
 C - the cursed amulet of Ashenzari's Stickiness (around neck) {Reflect SH+5, Fort, Cun}
   (You found it on level 2 of the Dungeon)

   [amulet of reflection]

   It reflects blocked missile attacks.
   SH:        It affects your SH (+5).
   It has a curse which improves the following skills: Fortitude: Armour and
   Shields.
   Cunning:   Dodging and Stealth.
 J - the cursed ring "Overhang to Understand" (left hand) {AC+4, Cun, Fort}
   (You found it on level 3 of the Dungeon)

   [ring of protection]

   AC:        It affects your AC (+4).
   It has a curse which improves the following skills: Cunning: Dodging and
   Stealth.
   Fortitude: Armour and Shields.
 R - an amulet of magic regeneration {@e2}
   (You found it on level 8 of the Dungeon)
 Z - a +6 ring of dexterity (right hand)
   (You found it on level 10 of the Dungeon)
Wands
 h - a wand of flame (32)
   (You took it off Duvessa on level 4 of the Dungeon)
 O - a wand of polymorph (2)
   (You found it on level 11 of the Dungeon)
Scrolls
 d - 2 scrolls of magic mapping {!r}
 e - a scroll of vulnerability {!r!r}
 k - 3 scrolls of teleportation {@r4}
 l - 6 scrolls of identify {@r1}
 q - 2 scrolls of fog
 s - 2 scrolls of silence {!r}
 w - 3 scrolls of noise {!r}
 x - 3 scrolls of immolation {!r!r}
 M - 7 scrolls of poison {!r}
Potions
 b - 4 potions of magic
 m - a potion of cancellation
 r - 6 potions of might
 u - 3 potions of brilliance
 A - a potion of mutation {!q}
 H - a potion of degeneration {!q@e2}
 I - a potion of haste {@q3}
 K - a potion of invisibility
 L - 4 potions of curing {@q1}
 N - 2 potions of heal wounds {@q2}
 X - a potion of ambrosia
 Y - a potion of berserk rage {!q}

Dungeon Overview and Level Annotations

Branches:
Dungeon (12/15) Zot: 26757  Temple (0/1) D:7             Orc (0/2) D:12
   Lair: D:8-11

Altars:
Ashenzari
Hepliaklqana
Kikubaaqudgha
Ru
Xom

Shops:
D:3 (!   D:5 *   D:11 (

Annotations:
D:7 3 runed translucent doors, freelancePsychic's ghost, novice DEHW
D:9 1 transporter
D:11 Nergalle

*.#,∆. , >#,.#*
*, , .#..# , *
##.#..#*, , ,
##...., *, **,
###..# * ,, ,
##...# * , * , *
#####J#.#, ,,, *
#######@#... ,
#####...###.##*,
, ,,
##....###....∆ *
,,, ##.######.
.##* , , ,
##.#### _. , ,
###.###### ,# *
, ###.###..#∆
,,, * , , *
##...<..#* * , ,
, ######### ,*
*, ,, *


You could see a very large slime creature (combustible).


Message History

The white ugly thing completely misses you. 😎 MP[-2]
You lost 2 mp, and now have 14/25 mp.
Casting: Scorch (safe; 1% risk of failure)
Confirm with . or Enter, or press ? or * to list all spells.
Flames lash the large slime creature.
The large slime creature's fire resistance burns away.
The white ugly thing completely misses you. 😎 MP[-2]
You lost 2 mp, and now have 12/25 mp.
Casting: Scorch (safe; 1% risk of failure)
Confirm with . or Enter, or press ? or * to list all spells.
Flames lash the slime creature.
The slime creature's fire resistance burns away.
The white ugly thing barely misses you. 😎 MP[-2]
You lost 2 mp, and now have 10/25 mp.
Casting: Scorch (safe; 1% risk of failure)
Confirm with . or Enter, or press ? or * to list all spells.
Flames lash the white ugly thing.
The white ugly thing is burned terribly!
The white ugly thing stings you but does no damage. 😎 MP[-1]
You lost 1 mp, and now have 9/25 mp.
Casting: Scorch (safe; 1% risk of failure)
Confirm with . or Enter, or press ? or * to list all spells.
Flames lash the slime creature.
The large slime creature is no longer more vulnerable to fire.
The white ugly thing closely misses you. 😎 MP[-2]
You lost 2 mp, and now have 7/25 mp.
Casting: Scorch (safe; 1% risk of failure)
Confirm with . or Enter, or press ? or * to list all spells.
Flames lash the large slime creature.
The large slime creature's fire resistance burns away.
The white ugly thing stings you! The white ugly thing freezes you.
You resist. 😕 HP[-14] MP[-2]
You take 14 damage, and now have 69/83 hp.
You lost 2 mp, and now have 5/25 mp.
Casting: Scorch (safe; 1% risk of failure)
Confirm with . or Enter, or press ? or * to list all spells.
Flames lash the white ugly thing.
The white ugly thing is burned terribly!
You kill the white ugly thing!
Two slime creatures merge to form a very large slime creature. 😕 HP[+2] MP[-2]
You now have 88 max hp (+5).
You regained 2 hp, and now have 71/88 hp.
You lost 2 mp, and now have 3/25 mp.
Casting: Scorch (safe; 1% risk of failure)
Confirm with . or Enter, or press ? or * to list all spells.
Flames lash the very large slime creature.
The very large slime creature is burned terribly! 😕 MP[-2]
You lost 2 mp, and now have 1/25 mp.
Casting: Scorch (safe; 1% risk of failure)
Confirm with . or Enter, or press ? or * to list all spells.
You don't have enough magic to cast this spell.
Unknown command.
You hit the very large slime creature.
You slice the very large slime creature!!
The very large slime creature closely misses you. 😕 HP[+1] MP[+1]
You hit the very large slime creature.
You barely miss the very large slime creature.
The very large slime creature hits you! 😮 HP[-12]
You take 12 damage, and now have 60/88 hp.
You slash the very large slime creature!
The very large slime creature hits you. 😮 HP[-5]
You take 5 damage, and now have 55/88 hp.
You slash the very large slime creature!
You block the very large slime creature's attack.
You barely miss the very large slime creature.
You punch the very large slime creature.
You bite the very large slime creature.
The very large slime creature closely misses you. 😮 HP[+1]
You hit the very large slime creature.
Your punch misses the very large slime creature.
You bite the very large slime creature, but do no damage.
The very large slime creature hits you!
* * * LOW HITPOINT WARNING * * *
😨 HP[-16] MP[+1]
You take 16 damage, and now have 40/88 hp.
Unknown command.
Unknown command.
You hit the very large slime creature but do no damage.
Lightning courses through the very large slime creature!
You punch the very large slime creature, but do no damage.
The very large slime creature barely misses you.
You hit the very large slime creature but do no damage.
You block the very large slime creature's attack.
Casting: Scorch (safe; 1% risk of failure)
Confirm with . or Enter, or press ? or * to list all spells.
Flames lash the very large slime creature.
The very large slime creature hits you!!!
Ouch! That really hurt!
You die...

Skill      XL: |  1  2  3  4  5  6  7  8  9 10 11 |
---------------+----------------------------------+-----
Conjurations   | 2 3 4 5 6 |  6.2
Spellcasting   | 5 6 7 8 |  8.6
Invocations    | 1 2 3 4 5 6 7 |  7.6
Fighting       | 1 2 3 4 5 6 |  6.9
Short Blades   | 1 2 3 4 5 6 |  6.9
Long Blades    | 1 2 3 4 5 6 |  6.9
Axes           | 1 2 3 4 5 6 |  6.9
Maces & Flails | 1 2 3 4 5 6 |  6.9
Polearms       | 1 2 3 4 5 6 |  6.9
Staves         | 1 2 3 4 5 6 |  6.9
Ranged Weapons | 1 2 3 4 5 6 |  6.9
Throwing       | 1 2 3 4 5 6 |  6.9
Armour         | 1 2 3 4 5 6 |  6.9
Shields        | 1 2 3 4 5 6 |  6.9
Unarmed Combat | 1 2 3 4 5 6 |  6.9
Evocations     | 1 2 3 4 5 6 |  6.9
Dodging        | 5 6 7 8 |  8.4
Hexes          | 1 2 3 4 5 |  5.7
Summonings     | 1 2 3 4 5 |  5.7
Necromancy     | 1 2 3 4 5 |  5.7
Translocations | 1 2 3 4 5 |  5.7
Transmutations | 1 2 3 4 5 |  5.7
Ice Magic      | 1 2 3 4 5 |  5.7
Air Magic      | 1 2 3 4 5 |  5.7
Earth Magic    | 1 2 3 4 5 |  5.7
Poison Magic   | 1 2 3 4 5 |  5.7
Stealth        | 5 6 7 8 |  8.2
Fire Magic     | 6 7 8 |  8.0

Action                   |  1- 3 |  4- 6 |  7- 9 | 10-12 || total
-------------------------+-------+-------+-------+-------++-------
Melee: Mace              |       |       |    33 |       ||    33
       Punch             |       |       |     3 |     4 ||     7
       Bite              |       |       |     3 |     4 ||     7
       Demon blade       |       |       |       |    44 ||    44
 Cast: Foxfire           |   120 |    43 |   133 |    53 ||   349
       Scorch            |       |    22 |    74 |   137 ||   233
       Flame Wave        |       |       |       |    10 ||    10
Invok: Curse Item        |       |     3 |     3 |     2 ||     8
       Shatter the Chain |       |       |     1 |     1 ||     2
Evoke: Wand              |       |       |     3 |    12 ||    15
  Use: Potion            |       |     3 |       |       ||     3
       Scroll            |       |     1 |     6 |     3 ||    10
 Stab: Sleeping          |       |       |       |     1 ||     1
Armor: Robe              |     9 |     1 |    28 |    44 ||    82
Dodge: Dodged            |    17 |     7 |    75 |   193 ||   292
Block: Other             |     1 |     3 |    27 |    57 ||    88
       Reflection        |       |       |     3 |     4 ||     7

Levels and vault maps discovered:
D:1:      evilmike_arrival_hilbert_curve, layout_loops_ring
D:2:      layout_basic, ebering_ecumenical_altar_mist
D:3:      layout_basic, serial_shops, shop, nicolae_lakefront_shop,
          feat_on_display, uniq_grinder
D:4:      layout_basic, lemuel_crystal_altar, uniq_duvessa
D:5:      layout_rooms, nicolae_ossuary_entry_plus,
          chequers_serial_rivers_micro_e, minmay_shop_damaged
D:6:      layout_layer_cave, uniq_maggie
D:7:      layout_loops_cross, nicolae_ru_awakened_eye, temple_hall,
          gammafunk_ghost_nasty_kobolds, uniq_pikel, uniq_joseph, uniq_menkaure
D:8:      minmay_razor_zed, layout_basic, lemuel_doored_altar,
          serial_bayou_lagoon_a, hangedman_decor_clover_reticule
D:9:      layout_loops_ring, old_standard_altar, slow_altar_1,
          gammafunk_ghost_arena, uniq_maurice, uniq_grum, uniq_erolcha
D:10:     layout_irregular_city, nzn_hepliaklqana_mist_gate
D:11:     layout_gridville, erik_lair_island, serial_shops,
          kennysheep_little_box, uniq_nergalle, uniq_harold
D:12:     minmay_the_grid_octo_triangle [minmay_the_grid_octo_focus,
          minmay_the_grid_octo_prize_star, minmay_the_grid_octo_checkerflower],
          layout_rooms, zombieorc2_lemuel,
          nicolae_gozag_cash_rules_everything_around_me, uniq_urug

Notes
Turn   | Place    | Note
-------+----------+-------------------------------------------
     0 | D:1      | spaghetti the Gnoll Fire Elementalist began the quest for
                  | the Orb.
     0 | D:1      | Reached XP level 1. HP: 13/13 MP: 6/6
     0 | D:1      | magus.rc [v1.9.6]
   132 | D:1      | Reached skill level 2 in Conjurations
   389 | D:1      | Reached XP level 2. HP: 19/19 MP: 3/7
  1210 | D:1      | Reached skill level 5 in Spellcasting
  1210 | D:1      | Reached XP level 3. HP: 25/25 MP: 3/9
  1411 | D:2      | Learned a level 2 spell: Scorch
  1590 | D:2      | Reached skill level 1 in Invocations
  1961 | D:2      | Reached skill level 1 in Fighting
  1961 | D:2      | Reached skill level 1 in Short Blades
  1961 | D:2      | Reached skill level 1 in Long Blades
  1961 | D:2      | Reached skill level 1 in Axes
  1961 | D:2      | Reached skill level 1 in Maces & Flails
  1961 | D:2      | Reached skill level 1 in Polearms
  1961 | D:2      | Reached skill level 1 in Staves
  1961 | D:2      | Reached skill level 1 in Ranged Weapons
  1961 | D:2      | Reached skill level 1 in Throwing
  1961 | D:2      | Reached skill level 1 in Armour
  1961 | D:2      | Reached skill level 1 in Shields
  1961 | D:2      | Reached skill level 1 in Unarmed Combat
  1961 | D:2      | Reached skill level 1 in Evocations
  2147 | D:2      | Found a faded altar of an unknown god.
  2165 | D:2      | Prayed at the altar of an unknown god.
  2165 | D:2      | Became a worshipper of Ashenzari the Shackled
  2488 | D:2      | Reached XP level 4. HP: 32/32 MP: 6/11
  2540 | D:2      | You pick up a book of Conjurations {@e2} and begin
                  | reading...
  2540 | D:2      | You add the spells Magic Dart, Searing Ray and Fulminant
                  | Prism to your library.
  2858 | D:3      | Found Peitum's Antique Weapon Boutique.
  2890 | D:3      | Noticed Grinder
  2899 | D:3      | Killed Grinder
  2900 | D:3      | Reached skill level 2 in Fighting
  2900 | D:3      | Reached skill level 2 in Short Blades
  2900 | D:3      | Reached skill level 2 in Long Blades
  2900 | D:3      | Reached skill level 2 in Axes
  2900 | D:3      | Reached skill level 2 in Maces & Flails
  2900 | D:3      | Reached skill level 2 in Polearms
  2900 | D:3      | Reached skill level 2 in Staves
  2900 | D:3      | Reached skill level 2 in Ranged Weapons
  2900 | D:3      | Reached skill level 2 in Throwing
  2900 | D:3      | Reached skill level 2 in Armour
  2900 | D:3      | Reached skill level 5 in Dodging
  2900 | D:3      | Reached skill level 2 in Shields
  2900 | D:3      | Reached skill level 2 in Unarmed Combat
  2900 | D:3      | Reached skill level 1 in Hexes
  2900 | D:3      | Reached skill level 1 in Summonings
  2900 | D:3      | Reached skill level 1 in Necromancy
  2900 | D:3      | Reached skill level 1 in Translocations
  2900 | D:3      | Reached skill level 1 in Transmutations
  2900 | D:3      | Reached skill level 1 in Ice Magic
  2900 | D:3      | Reached skill level 1 in Air Magic
  2900 | D:3      | Reached skill level 1 in Earth Magic
  2900 | D:3      | Reached skill level 1 in Poison Magic
  2900 | D:3      | Reached skill level 2 in Invocations
  2900 | D:3      | Reached skill level 2 in Evocations
  2900 | D:3      | Reached XP level 5. HP: 25/38 MP: 3/12
  2900 | D:3      | Reached XP level 6. HP: 29/44 MP: 3/14
  3009 | D:3      | Found Fubryvaa's Distillery.
  3208 | D:3      | Identified the +1 mace "Ovaf" {vorpal, rElec Dex+5}
  3751 | D:3      | Reached * piety under Ashenzari
  3752 | D:3      | Gained mutation: You expend magic power (3 MP) to
                  | strengthen your wands. [potion of mutation]
  3752 | D:3      | Gained mutation: You are weak. (Str -2) [potion of
                  | mutation]
  3753 | D:3      | Lost mutation: You expend magic power (3 MP) to strengthen
                  | your wands. [potion of mutation]
  3753 | D:3      | Lost mutation: You are weak. (Str -2) [potion of mutation]
  3753 | D:3      | Gained mutation: Your muscles are strong. (Str +4, Int/Dex
                  | -1) [potion of mutation]
  3753 | D:3      | Gained mutation: You expend magic power (3 MP) to
                  | strengthen your wands. [potion of mutation]
  3753 | D:3      | Gained mutation: You are agile. (Dex +4, Str/Int -1)
                  | [potion of mutation]
  3816 | D:4      | Identified the +10 glaive of Starshine {vorpal, *Slow Int+2
                  | SInv}
  3831 | D:4      | You pick up a book of Blood and begin reading...
  3831 | D:4      | You add the spells Sublimation of Blood, Wereblood and
                  | Summon Hydra to your library.
  3949 | D:4      | Learned a level 3 spell: Inner Flame
  3954 | D:4      | Learned a level 4 spell: Flame Wave
  4027 | D:4      | Noticed Duvessa
  4027 | D:4      | Noticed Dowan
  4036 | D:4      | HP: 9/44 [Duvessa/+1 rapier of holy wrath (4)]
  4582 | D:4      | Identified the +0 ring mail of Greater Demons {-Cast +Blink
                  | +Inv Regen+}
  4685 | D:4      | Reached ** piety under Ashenzari
  4847 | D:4      | Killed Duvessa
  4848 | D:4      | Reached skill level 2 in Hexes
  4848 | D:4      | Reached skill level 2 in Summonings
  4848 | D:4      | Reached skill level 2 in Necromancy
  4848 | D:4      | Reached skill level 2 in Translocations
  4848 | D:4      | Reached skill level 2 in Transmutations
  4848 | D:4      | Reached skill level 2 in Ice Magic
  4848 | D:4      | Reached skill level 2 in Air Magic
  4848 | D:4      | Reached skill level 2 in Earth Magic
  4848 | D:4      | Reached skill level 2 in Poison Magic
  4848 | D:4      | Reached XP level 7. HP: 52/52 MP: 2/17
  4869 | D:4      | Killed Dowan
  4870 | D:4      | Reached skill level 3 in Conjurations
  4998 | D:4      | Found an ancient bone altar of Kikubaaqudgha.
  5022 | D:4      | Identified a scroll of acquirement
  5029 | D:4      | Reached skill level 5 in Stealth
  5029 | D:4      | Reached skill level 3 in Invocations
  5081 | D:4      | Acquired the +3 pair of mountain boots {steadfast, rC+}
  5081 | D:4      | Found the +3 pair of mountain boots {steadfast, rC+}
  5094 | D:5      | Entered Level 5 of the Dungeon
  5225 | D:5      | Reached skill level 6 in Fire Magic
  5390 | D:5      | You pick up a book of the Senses and begin reading...
  5390 | D:5      | You add the spells Dazzling Flash, Agony and Silence to
                  | your library.
  5598 | D:5      | Reached skill level 3 in Fighting
  5598 | D:5      | Reached skill level 3 in Short Blades
  5598 | D:5      | Reached skill level 3 in Long Blades
  5598 | D:5      | Reached skill level 3 in Axes
  5598 | D:5      | Reached skill level 3 in Maces & Flails
  5598 | D:5      | Reached skill level 3 in Polearms
  5598 | D:5      | Reached skill level 3 in Staves
  5598 | D:5      | Reached skill level 3 in Ranged Weapons
  5598 | D:5      | Reached skill level 3 in Throwing
  5598 | D:5      | Reached skill level 3 in Armour
  5598 | D:5      | Reached skill level 3 in Shields
  5598 | D:5      | Reached skill level 3 in Unarmed Combat
  5598 | D:5      | Reached skill level 3 in Evocations
  5598 | D:5      | Reached XP level 8. HP: 60/60 MP: 11/18
  5621 | D:5      | Reached skill level 6 in Spellcasting
  5825 | D:5      | Found Tuuqufypih's Lightly-Used Armoury.
  5829 | D:5      | Bought a -2 double sword for 55 gold pieces
  5829 | D:5      | p - a -2 double sword {longrare=g}
  5829 | D:5      | your -2 double sword {longrare=g} drips with poison.
  5829 | D:5      | p - a -2 double sword of venom {longrare=g}
  5830 | D:5      | your -2 double sword of venom {longrare=g} emits a
                  | brilliant flash of light!
  5830 | D:5      | p - a -2 vorpal double sword {longrare=g}
  5831 | D:5      | your -2 vorpal double sword {longrare=g} drips with poison.
  5831 | D:5      | p - a -2 double sword of venom {longrare=g}
  5851 | D:5      | You add the spells Malign Gateway and Summon Horrible
                  | Things to your library.
  5852 | D:5      | your -2 double sword of venom {longrare=g} glows red for a
                  | moment.
  6207 | D:6      | Reached skill level 4 in Invocations
  6231 | D:6      | Reached skill level 3 in Hexes
  6231 | D:6      | Reached skill level 3 in Summonings
  6231 | D:6      | Reached skill level 3 in Necromancy
  6231 | D:6      | Reached skill level 3 in Translocations
  6231 | D:6      | Reached skill level 3 in Transmutations
  6231 | D:6      | Reached skill level 3 in Ice Magic
  6231 | D:6      | Reached skill level 3 in Air Magic
  6231 | D:6      | Reached skill level 3 in Earth Magic
  6231 | D:6      | Reached skill level 3 in Poison Magic
  6298 | D:6      | Reached skill level 6 in Dodging
  6339 | D:6      | Noticed Maggie
  6350 | D:6      | Killed Maggie
  6351 | D:6      | Reached skill level 4 in Fighting
  6351 | D:6      | Reached skill level 4 in Short Blades
  6351 | D:6      | Reached skill level 4 in Long Blades
  6351 | D:6      | Reached skill level 4 in Axes
  6351 | D:6      | Reached skill level 4 in Maces & Flails
  6351 | D:6      | Reached skill level 4 in Polearms
  6351 | D:6      | Reached skill level 4 in Staves
  6351 | D:6      | Reached skill level 4 in Ranged Weapons
  6351 | D:6      | Reached skill level 4 in Throwing
  6351 | D:6      | Reached skill level 4 in Armour
  6351 | D:6      | Reached skill level 4 in Shields
  6351 | D:6      | Reached skill level 4 in Unarmed Combat
  6351 | D:6      | Reached skill level 4 in Conjurations
  6351 | D:6      | Reached skill level 4 in Evocations
  6351 | D:6      | Reached XP level 9. HP: 63/68 MP: 5/20
  6682 | D:6      | Reached skill level 6 in Stealth
  6813 | D:6      | Reached *** piety under Ashenzari
  7795 | D:6      | Reached **** piety under Ashenzari
  7824 | D:7      | Noticed Pikel
  7850 | D:7      | Killed Pikel
  7851 | D:7      | Reached skill level 5 in Invocations
  8133 | D:7      | Found a sacrificial altar of Ru.
  8301 | D:7      | Noticed Joseph
  8314 | D:7      | Reached skill level 7 in Spellcasting
  8315 | D:7      | HP: 16/69 [Joseph/+3 quarterstaff of speed (8)]
  8318 | D:7      | HP: 7/69 [Joseph/+3 quarterstaff of speed (4)]
  8319 | D:7      | Killed Joseph
  8320 | D:7      | Reached skill level 4 in Hexes
  8320 | D:7      | Reached skill level 4 in Summonings
  8320 | D:7      | Reached skill level 4 in Necromancy
  8320 | D:7      | Reached skill level 4 in Translocations
  8320 | D:7      | Reached skill level 4 in Transmutations
  8320 | D:7      | Reached skill level 4 in Ice Magic
  8320 | D:7      | Reached skill level 4 in Air Magic
  8320 | D:7      | Reached skill level 4 in Earth Magic
  8320 | D:7      | Reached skill level 4 in Poison Magic
  8325 | D:7      | your -1 double sword of venom {longrare=g} emits a
                  | brilliant flash of light!
  8325 | D:7      | p - a -1 vorpal double sword {longrare=g}
  8748 | D:7      | Reached skill level 5 in Fighting
  8748 | D:7      | Reached skill level 5 in Short Blades
  8748 | D:7      | Reached skill level 5 in Long Blades
  8748 | D:7      | Reached skill level 5 in Axes
  8748 | D:7      | Reached skill level 5 in Maces & Flails
  8748 | D:7      | Reached skill level 5 in Polearms
  8748 | D:7      | Reached skill level 5 in Staves
  8748 | D:7      | Reached skill level 5 in Ranged Weapons
  8748 | D:7      | Reached skill level 5 in Throwing
  8748 | D:7      | Reached skill level 5 in Armour
  8748 | D:7      | Reached skill level 5 in Shields
  8748 | D:7      | Reached skill level 5 in Unarmed Combat
  8748 | D:7      | Reached skill level 5 in Evocations
  8748 | D:7      | Reached XP level 10. HP: 77/77 MP: 18/22
  8826 | D:7      | Found a runed translucent gate.
  8826 | D:7      | Found a runed translucent gate.
  8828 | D:7      | Found a runed translucent gate.
  8830 | D:7      | Noticed freelancePsychic's ghost (novice DEHW)
  8831 | D:7      | Noticed a kobold demonologist
  9037 | D:7      | Found a staircase to the Ecumenical Temple.
  9037 | D:7      | Noticed Menkaure
  9044 | D:7      | Killed Menkaure
  9045 | D:7      | Reached skill level 7 in Fire Magic
  9143 | D:7      | Reached skill level 7 in Dodging
 10070 | D:8      | Noticed a two-headed ogre
 10099 | D:8      | Noticed a two-headed ogre
 10115 | D:8      | Reached skill level 5 in Conjurations
 10386 | D:8      | Identified the +0 chain mail "Nodoc" {Regen+ Str+3 Stlth-}
 10542 | D:8      | Found a shimmering altar of Xom.
 10728 | D:8      | Reached skill level 6 in Invocations
 10730 | D:8      | Reached skill level 7 in Stealth
 10742 | D:8      | Killed a two-headed ogre
 10958 | D:8      | Killed a two-headed ogre
 11112 | D:9      | Noticed Grum
 11122 | D:9      | Reached skill level 6 in Fighting
 11122 | D:9      | Reached skill level 6 in Short Blades
 11122 | D:9      | Reached skill level 6 in Long Blades
 11122 | D:9      | Reached skill level 6 in Axes
 11122 | D:9      | Reached skill level 6 in Maces & Flails
 11122 | D:9      | Reached skill level 6 in Polearms
 11122 | D:9      | Reached skill level 6 in Staves
 11122 | D:9      | Reached skill level 6 in Ranged Weapons
 11122 | D:9      | Reached skill level 6 in Throwing
 11122 | D:9      | Reached skill level 6 in Armour
 11122 | D:9      | Reached skill level 6 in Shields
 11122 | D:9      | Reached skill level 6 in Unarmed Combat
 11122 | D:9      | Reached skill level 6 in Evocations
 11136 | D:9      | Reached skill level 5 in Hexes
 11136 | D:9      | Reached skill level 5 in Summonings
 11136 | D:9      | Reached skill level 5 in Necromancy
 11136 | D:9      | Reached skill level 5 in Translocations
 11136 | D:9      | Reached skill level 5 in Transmutations
 11136 | D:9      | Reached skill level 5 in Ice Magic
 11136 | D:9      | Reached skill level 5 in Air Magic
 11136 | D:9      | Reached skill level 5 in Earth Magic
 11136 | D:9      | Reached skill level 5 in Poison Magic
 11136 | D:9      | Killed Grum
 11137 | D:9      | Reached XP level 11. HP: 39/86 MP: 0/25
 11139 | D:9      | Found a transporter.
 11142 | D:10     | Entered Level 10 of the Dungeon
 11421 | D:10     | Noticed a two-headed ogre
 11427 | D:10     | Killed a two-headed ogre
 11428 | D:10     | Reached skill level 8 in Spellcasting
 11500 | D:10     | Identified the +5 dagger of Izalucw {flame, rElec SInv}
 11531 | D:10     | Found a hazy altar of Hepliaklqana.
 11705 | D:10     | Reached skill level 7 in Invocations
 12089 | D:11     | Noticed a cyclops
 12097 | D:10     | Reached skill level 8 in Dodging
 12177 | D:11     | Killed a cyclops
 12315 | D:11     | Noticed Harold
 12334 | D:11     | Killed Harold
 12335 | D:11     | Reached skill level 6 in Conjurations
 12336 | D:11     | Noticed an eight-headed hydra
 12364 | D:11     | HP: 14/87 [nine-headed hydra (8)]
 12364 | D:11     | HP: 5/87 [nine-headed hydra (9)]
 12383 | D:11     | Killed an eight-headed hydra
 12384 | D:11     | Reached skill level 8 in Stealth
 12712 | D:11     | your -1 vorpal double sword {longrare=g} glows red for a
                  | moment.
 12765 | D:11     | Found Soxitorgh's Weapon Shop.
 12806 | D:11     | Noticed a two-headed ogre
 12817 | D:11     | Killed a two-headed ogre
 12818 | D:11     | Reached skill level 8 in Fire Magic
 12977 | D:11     | Noticed Nergalle
 12982 | D:11     | Noticed a spectral orc warlord
 13224 | D:12     | Noticed a white ugly thing
 13239 | D:12     | Killed a white ugly thing
 13251 | D:12     | Mangled by a very large slime creature

Vanquished Creatures
  Harold (D:11)
  4 two-headed ogres
  Pikel (D:7)
  A cyclops (D:11)
  An ugly thing (D:12)
  Joseph (D:7)
  Maggie (D:6)
  A gargoyle (D:10)
  A troll (D:11)
  Grinder (D:3)
  A shadow (D:10)
  2 wyverns
  4 yaks (D:10)
  Grum (D:9)
  2 steam dragons
  Menkaure (D:7)
  2 acid dragons
  Duvessa (D:4)
  2 ice beasts
  3 sky beasts
  5 black bears
  2 ogres
  4 wolves (D:9)
  3 centaurs
  A lemure (D:7)
  4 bullfrogs
  3 necrophages
  A scorpion (D:5)
  3 gnoll sergeants
  Dowan (D:4)
  6 wights
  9 killer bees (D:11)
  A howler monkey (D:8)
  An orc priest (D:8)
  3 jellies
  8 hounds
  4 iguanas
  An orc wizard (D:8)
  6 adders
  10 gnolls
  5 shadow imps
  2 white imps (D:6)
  2 worms
  2 dart slugs (D:3)
  10 orcs
  6 endoplasms
  5 giant cockroaches
  7 goblins
  8 hobgoblins
  3 jackals (D:2)
  13 kobolds
  3 quokkas
  4 ball pythons
  5 bats
  3 frilled lizards
  9 rats
195 creatures vanquished.

Vanquished Creatures (collateral kills)
  A hydra (D:11)
1 creature vanquished.

Vanquished Creatures (others)
  2 kobold brigands
  A kobold (D:7)
  563 foxfires
566 creatures vanquished.

Grand Total: 762 creatures vanquished

Table legend:
 A = Non-vault XP
 B = Vault XP
 C = Vault XP percentage of total XP
 D = Non-vault monster count
 E = Vault monster count
 F = Vault count percentage of total count
                 A         B        C        D         E       F
            +---------+---------+-------+---------+---------+-------
      Total |   10615 |    6376 |  37.5 |     169 |      28 |  14.2
            +---------+---------+-------+---------+---------+-------
        D:1 |      37 |       0 |   0.0 |      23 |       0 |   0.0
        D:2 |      57 |       0 |   0.0 |      27 |       0 |   0.0
        D:3 |      18 |     290 |  94.2 |       8 |       1 |  11.1
        D:4 |     330 |     211 |  39.0 |      10 |       2 |  16.7
        D:5 |     813 |       0 |   0.0 |      20 |       0 |   0.0
        D:6 |     928 |     424 |  31.4 |      17 |       1 |   5.6
        D:7 |    1059 |    1200 |  53.1 |      22 |       3 |  12.0
        D:8 |     599 |    2690 |  81.8 |      15 |      14 |  48.3
        D:9 |     150 |     662 |  81.5 |       2 |       5 |  71.4
       D:10 |    2533 |       0 |   0.0 |       8 |       0 |   0.0
       D:11 |    3574 |     899 |  20.1 |      16 |       2 |  11.1
       D:12 |     517 |       0 |   0.0 |       1 |       0 |   0.0
            +---------+---------+-------+---------+---------+-------

Illustrated notes

Table legend:
 A = Kills in this place as a percentage of kills in entire the game.
 B = Kills by you in this place as a percentage of kills by you in the entire game.
 C = Kills by friends in this place as a percentage of kills by friends in the entire game.
 D = Other kills in this place as a percentage of other kills in the entire game.
 E = Experience gained in this place as a percentage of experience gained in the entire game.
 F = Experience gained in this place divided by the number of levels of this place that you have seen.
                   A       B       C       D       E      F
               +-------+-------+-------+-------+-------+----------------------
         Total | 100.0 | 100.0 | 100.0 | 100.0 | 100.0 | 1415.9
       Dungeon | 100.0 | 100.0 | 100.0 | 100.0 | 100.0 | 1415.9
               +-------+-------+-------+-------+-------+----------------------

Table legend: (Time is in decaauts)
 A = Elapsed time spent in this place.
 B = Non-inter-level travel time spent in this place.
 C = Inter-level travel time spent in this place.
 D = Time resting spent in this place.
 E = Time spent auto-exploring this place.
 F = Levels seen in this place.
 G = Mean time per level.
                   A        B        C        D        E       F      G
               +--------+--------+--------+--------+--------+-----+--------+
         Total |  13258 |  12917 |    341 |   1276 |  10308 |  12 | 1104.8 |
       Dungeon |  13258 |  12917 |    341 |   1276 |  10308 |  12 | 1104.8 |
               +--------+--------+--------+--------+--------+-----+--------+

Top non-repeatable levels by time:
     D:7: 1813 daAuts
     D:6: 1759 daAuts
     D:4: 1522 daAuts
     D:8: 1496 daAuts
     D:1: 1404 daAuts
    D:10: 1311 daAuts
     D:2: 1236 daAuts
     D:3: 1151 daAuts
     D:5: 737 daAuts
    D:11: 553 daAuts
    D:12: 241 daAuts
     D:9: 30 daAuts
